 Dungeon Sprint DCSS version 0.24.1-4-ge52af88ad5 (webtiles) character file.

Game seed: 2799430645448246182, levelgen mode: deterministic

17093 Groucho the Imperceptible (level 12, 61/65 HPs)
             Began as a Felid Berserker on Apr 18, 2020.
             Was the Champion of Trog.
             Got out of the dungeon alive.
             The game lasted 00:14:06 (3140 turns).

Groucho the Imperceptible (Felid Berserker)         Turns: 3140, Time: 00:14:06

Health: 61/65      AC:  3    Str: 13    XL:     12   Next: 15%
Magic:  19/20      EV: 35    Int:  9    God:    Trog [******]
Gold:   2075       SH:  0    Dex: 20    Spells: 20/20 levels left
                                        Lives:  2   Deaths: 1

rFire    + . .     SeeInvis +     - Unarmed
rCold    + . .     Gourm    .   (shield unavailable)
rNeg     . . .     Faith    .   (armour unavailable)
rPois    +         Spirit   +   (helmet unavailable)
rElec    .         Reflect  .   (cloak unavailable)
rCorr    .         Harm     .   (gloves unavailable)
MR       +....     NoTele   +   (boots unavailable)
Stlth    +++++++++.             j - amulet of guardian spirit
HPRegen  0.20/turn              k - ring of protection from fire
MPRegen  0.17/turn              l - ring of poison resistance

@: quick
A: very small, no armour, no weapons or thrown items, stealth, claws 1, fangs 3,
see invisible, carnivore, speed 1, shaggy fur 3, slow metabolism 1, sharp paws
a: Berserk, Trog's Hand, Brothers in Arms, Renounce Religion


You escaped.
You worshipped Trog.
Trog was exalted by your worship.
You were not hungry.

You visited 1 branch You collected 3400 gold pieces.
You spent 1325 gold pieces at shops.

Inventory:

Jewellery
 j - an amulet of guardian spirit (around neck)
 k - a ring of protection from fire (left paw)
 l - a ring of poison resistance (right paw)
 s - an uncursed ring of protection from fire
Wands
 h - a wand of acid (10)
 o - a wand of random effects (2)
 p - a wand of polymorph (11)
 q - a wand of clouds (6)
Scrolls
 c - a scroll of identify
 i - 2 scrolls of remove curse
 r - 2 scrolls of immolation {unknown}
Potions
 b - 3 potions of curing
 d - a potion of haste
 e - 2 potions of magic
 f - a potion of might
 g - a potion of brilliance {unknown}
 m - a potion of flight {unknown}
 n - a potion of resistance {unknown}
Comestibles
 a - 3 rations


   Skills:
 + Level 15.1 Fighting
 + Level 18.8 Dodging
 + Level 25.5 Stealth
 + Level 15.1 Unarmed Combat
 + Level 4.8 Spellcasting


You had 20 spell levels left.
You didn't know any spells.
Your spell library was empty.

Dungeon Overview and Level Annotations

Branches:
Dungeon (1/1)

Altars:
Cheibriados
Dithmenos
Elyvilon
Fedhas
Gozag
Hepliaklqana
Kikubaaqudgha
Makhleb
Nemelex Xobeh
Okawaru
Qazlal
Ru
Sif Muna
Trog
Uskayaw
Vehumet
Wu Jian
Xom
Yredelemnul
Zin
The Shining One
Jiyva
Lugonu

Shops:
D ([?(=(([(?%[([?(?(*[(=


Innate Abilities, Weirdness & Mutations

You cannot wear armour.
You are incapable of wielding weapons or throwing items.
Your paws allow you to move quietly. (Stealth)
You have sharp claws.
You have razor-sharp teeth.
You have supernaturally acute eyesight. (SInv)
You are carnivorous and can eat meat at any time.
You cover ground quickly.
Your thick and shaggy fur keeps you warm. (AC +3, rC+)
You have a slow metabolism.
Your sharp claws are effective at attacking unaware monsters.


Message History

There is an open door here.
There is an open door here.
There is an open door here.
There is an open door here.
An arrow shoots out and hits you!
There is an arrow trap here.
There is an open door here.
There is an open door here.
Things that are here:
a +0 scythe; a +0 robe
There is an open door here.
You see here a +0 giant club.
There is an open door here.
p - a wand of polymorph (11)
Things that are here:
a +0 club; a +0 leather armour
There is an open door here.
There is a staircase leading out of the dungeon here.
Are you sure you want to leave the Dungeon?
This will make you lose the game!
You have escaped!

##################
#@.#.)'..#.)'..#__
#..'..#.)'..#..'^.
#..#####'#####'#__
#..####..#...#(###
#..#__####..##.#§§
#..#_____##'#_.'≈§
#⌠⌠#_.∩...'..._#§§
####_..__##_.#'##+
#_____###'#.#..


There were no monsters in sight!

Vanquished Creatures
  A shadow dragon (D)
  4 fire giants (D)
  A lorocyproca (D)
  A hydra (D)
  2 centaur warriors (D)
  Sonja (D)
  A deep troll (D)
  7 unseen horrors (D)
  A lindwurm (D)
  An oklob plant (D)
  A gargoyle (D)
  4 demonic crawlers (D)
  2 kobold demonologists (D)
  A hornet (D)
  A slime creature (D)
  Sigmund (D)
  2 redbacks (D)
  A yak (D)
  13 hogs (D)
  3 floating eyes (D)
  7 necrophages (D)
  An ogre (D)
  8 jellies (D)
  Ijyb (D)
66 creatures vanquished.

Vanquished Creatures (collateral kills)
  A golden dragon (D)
  8 shining eyes (D)
  4 floating eyes (D)
  A ballistomycete spore (D)
14 creatures vanquished.

Vanquished Creatures (others)
  A gargoyle (D)
  A ballistomycete spore (D)
2 creatures vanquished.

Grand Total: 82 creatures vanquished

Notes
Turn   | Place    | Note
-------+----------+-------------------------------------------
     0 | D        | Groucho the Felid Berserker began the quest for the Orb.
     0 | D        | Reached XP level 1. HP: 10/10 MP: 2/2
     2 | D        | Noticed Ijyb
    14 | D        | Killed Ijyb
    14 | D        | Reached skill level 8 in Stealth
    14 | D        | Reached XP level 2. HP: 14/14 MP: 3/3
    36 | D        | Noticed an ogre
    38 | D        | Killed an ogre
    38 | D        | Reached skill level 12 in Stealth
    38 | D        | Reached XP level 3. HP: 17/17 MP: 4/4
    38 | D        | Reached XP level 4. HP: 21/21 MP: 5/5
    51 | D        | Noticed Sigmund
    67 | D        | Killed Sigmund
    67 | D        | Reached ** piety under Trog
    67 | D        | Reached skill level 16 in Stealth
    67 | D        | Reached XP level 5. HP: 13/24 MP: 6/6
    67 | D        | Gained mutation: You are covered in thick fur. (AC +2)
                  | [Felid growth]
    67 | D        | Reached XP level 6. HP: 16/28 MP: 7/7
    83 | D        | Killed a gargoyle
   310 | D        | Found a shimmering blue altar of Sif Muna.
   311 | D        | Found an ornate altar of the Wu Jian Council.
   312 | D        | Found a radiant altar of Vehumet.
   318 | D        | Reached skill level 17 in Stealth
   518 | D        | Found Mouff's Antique Weapon Emporium.
   518 | D        | Found an ancient bone altar of Kikubaaqudgha.
   518 | D        | Found a hazy altar of Hepliaklqana.
   518 | D        | Found a stormy altar of Qazlal.
   518 | D        | Found a hide-covered altar of Uskayaw.
   518 | D        | Found a blossoming altar of Fedhas.
   518 | D        | Found a bloodstained altar of Trog.
   518 | D        | Found an iron altar of Okawaru.
   518 | D        | Found a basalt altar of Yredelemnul.
   518 | D        | Found a glowing golden altar of the Shining One.
   518 | D        | Found a snail-covered altar of Cheibriados.
   518 | D        | Found a sacrificial altar of Ru.
   518 | D        | Found a glowing silver altar of Zin.
   518 | D        | Found a shadowy altar of Dithmenos.
   518 | D        | Found a white marble altar of Elyvilon.
   518 | D        | Noticed a yak
   519 | D        | Found an opulent altar of Gozag.
   520 | D        | Killed a yak
   520 | D        | Reached skill level 18 in Stealth
   521 | D        | Found a sparkling altar of Nemelex Xobeh.
   541 | D        | Found a burning altar of Makhleb.
   541 | D        | Found a shimmering altar of Xom.
   541 | D        | Noticed a slime creature
   542 | D        | Found a viscous altar of Jiyva.
   542 | D        | Found a corrupted altar of Lugonu.
   544 | D        | Killed a slime creature
   544 | D        | Reached *** piety under Trog
   544 | D        | Reached skill level 5 in Dodging
   544 | D        | Reached skill level 19 in Stealth
   544 | D        | Reached XP level 7. HP: 32/32 MP: 8/8
   565 | D        | Noticed a centaur warrior
   565 | D        | Noticed a centaur warrior
   566 | D        | Killed a centaur warrior
   566 | D        | Reached XP level 8. HP: 39/39 MP: 9/9
   567 | D        | Killed a centaur warrior
   567 | D        | Reached skill level 10 in Dodging
   567 | D        | Reached skill level 20 in Stealth
   706 | D        | Noticed a hornet
   709 | D        | Killed a hornet
   709 | D        | Reached XP level 9. HP: 44/44 MP: 10/10
   720 | D        | Noticed an oklob plant
   722 | D        | Killed an oklob plant
   722 | D        | Reached **** piety under Trog
   728 | D        | Reached skill level 21 in Stealth
   763 | D        | Noticed an unseen horror
   763 | D        | Noticed an unseen horror
   767 | D        | Killed an unseen horror
   769 | D        | Killed an unseen horror
   769 | D        | Reached ***** piety under Trog
   769 | D        | Reached skill level 10 in Unarmed Combat
   769 | D        | Reached XP level 10. HP: 51/51 MP: 11/11
   773 | D        | Reached skill level 10 in Fighting
  1285 | D        | Reached ****** piety under Trog
  1318 | D        | Found Veufop's Armour Shoppe.
  1318 | D        | Found Kirrogg's Weapon Shop.
  1318 | D        | Found Vaghyre's Antique Weapon Boutique.
  1320 | D        | Found Ryejol's Magic Scroll Emporium.
  1320 | D        | Found Segav's Food Shop.
  1320 | D        | Found Zeppysu's Antique Armour Shoppe.
  1320 | D        | Found Fyckia's Weapon Boutique.
  1320 | D        | Found Niupnil's Armour Emporium.
  1320 | D        | Found Pepnes's Magic Scroll Shop.
  1320 | D        | Found Plog's Weapon Shoppe.
  1324 | D        | Found Dorghex's Magic Scroll Boutique.
  1325 | D        | Found Kusmuinn's Assorted Antiques.
  1325 | D        | Found Xucvo's Weapon Boutique.
  1326 | D        | Found Suduak's Weapon Emporium.
  1371 | D        | Noticed a deep troll
  1373 | D        | Killed a deep troll
  1373 | D        | Reached skill level 22 in Stealth
  1379 | D        | Found Gusae's Armour Emporium.
  1396 | D        | Noticed Sonja
  1399 | D        | Killed Sonja
  1464 | D        | Found Orurphoat's Weapon Boutique.
  1480 | D        | Noticed a shining eye
  1480 | D        | Noticed a shining eye
  1480 | D        | Noticed a shining eye
  1480 | D        | Noticed a shining eye
  1480 | D        | Noticed a shining eye
  1480 | D        | Noticed a shining eye
  1482 | D        | Killed a shining eye
  1482 | D        | Killed a shining eye
  1484 | D        | Killed a shining eye
  1485 | D        | Noticed a shining eye
  1485 | D        | Noticed a shining eye
  1486 | D        | Killed a shining eye
  1486 | D        | Killed a shining eye
  1488 | D        | Killed a shining eye
  1489 | D        | Killed a shining eye
  1489 | D        | Killed a shining eye
  1493 | D        | Found Juopsa's Jewellery Shop.
  1493 | D        | Found Kawustre's Armour Shoppe.
  1493 | D        | Found Ukloblosk's Weapon Boutique.
  1493 | D        | Found Plog's Magic Scroll Emporium.
  1499 | D        | Bought an uncursed amulet of guardian spirit for 420 gold
                  | pieces
  1499 | D        | Bought an uncursed ring of protection from fire for 350
                  | gold pieces
  1499 | D        | Bought an uncursed ring of poison resistance for 280 gold
                  | pieces
  1810 | D        | Reached XP level 11. HP: 57/57 MP: 12/12
  2020 | D        | Reached skill level 15 in Dodging
  2020 | D        | Reached skill level 23 in Stealth
  2051 | D        | Noticed a lindwurm
  2053 | D        | Killed a lindwurm
  2173 | D        | Noticed a 12-headed hydra
  2175 | D        | Killed a 12-headed hydra
  2177 | D        | Paralysed by a floating eye for 3 turns
  2455 | D        | Noticed a shadow dragon
  2457 | D        | Noticed a golden dragon
  2458 | D        | Killed a shadow dragon
  2458 | D        | Reached skill level 24 in Stealth
  2461 | D        | Slain by a golden dragon
  2462 | D        | Reached XP level 10. HP: -1/55 MP: 0/11
  2474 | D        | Killed a golden dragon
  2474 | D        | Reached XP level 11. HP: 17/59 MP: 3/12
  2602 | D        | Found Ynucs's Jewellery Shoppe.
  2620 | D        | Bought an uncursed ring of protection from fire for 275
                  | gold pieces
  2670 | D        | Noticed a daeva
  2674 | D        | Noticed an unseen horror
  2674 | D        | Noticed an unseen horror
  2674 | D        | Noticed an unseen horror
  2674 | D        | Noticed an unseen horror
  2676 | D        | Killed an unseen horror
  2677 | D        | Noticed an unseen horror
  2678 | D        | Killed an unseen horror
  2679 | D        | Killed an unseen horror
  2681 | D        | Killed an unseen horror
  2683 | D        | Killed an unseen horror
  2831 | D        | Noticed a fire giant
  2834 | D        | Noticed a fire giant
  2835 | D        | Noticed a fire giant
  2836 | D        | Noticed a fire giant
  2838 | D        | Killed a fire giant
  2838 | D        | Reached skill level 25 in Stealth
  2842 | D        | Killed a fire giant
  2844 | D        | Killed a fire giant
  2846 | D        | Killed a fire giant
  2846 | D        | Reached skill level 15 in Fighting
  2846 | D        | Reached skill level 15 in Unarmed Combat
  2846 | D        | Gained mutation: Your thick and shaggy fur keeps you warm.
                  | (AC +3, rC+) [Felid growth]
  2846 | D        | Reached XP level 12. HP: 65/65 MP: 13/19
  2933 | D        | Noticed a lorocyproca
  2939 | D        | Killed a lorocyproca
  3140 | D        | Got out of the dungeon alive.

Levels and vault maps discovered:
D:        dungeon_sprint_1 [red_sonja_temple_1, red_sonja_temple_small_1]

Skill      XL: |  1  2  3  4  5  6  7  8  9 10 11 |
---------------+----------------------------------+-----
Stealth        | 8 12 16 19 20 21 22 25 | 25.5
Fighting       | 4 6 8 9 11 15 | 15.1
Dodging        | 5 8 10 12 17 18 | 18.8
Unarmed Combat | 4 6 8 10 11 15 | 15.1
Spellcasting   | 4 |  4.8

Action                   |  1- 3 |  4- 6 |  7- 9 | 10-12 || total
-------------------------+-------+-------+-------+-------++-------
Melee: Unarmed           |    11 |    19 |     9 |   176 ||   215
       Bite              |       |     1 |       |    18 ||    19
       Punch             |       |       |       |     8 ||     8
Invok: Berserk           |       |     1 |       |     3 ||     4
       Brothers in Arms  |       |       |       |     9 ||     9
       Trog's Hand       |       |       |       |     3 ||     3
  Use: Potion            |     1 |       |       |     2 ||     3
       Scroll            |       |       |     1 |     3 ||     4
 Stab: Sleeping          |     2 |     2 |     9 |    28 ||    41
  Eat: Chunk             |       |       |     4 |     8 ||    12
       Ration            |       |       |       |     2 ||     2
Armor: Skin              |       |       |       |     1 ||     1
Dodge: Dodged            |     6 |    10 |       |   138 ||   154
